 Dungeon Crawl Stone Soup version 0.28.0-1-gb440e238dd (webtiles) character file.

Game seed: 5457333698910031019

9 themarg the Insei (level 2, 0/23 HPs)
             Began as a Gnoll Wanderer on Feb 22, 2022.
             Slain by a jackal (2 damage)
             ... on level 1 of the Dungeon.
             The game lasted 00:02:14 (790 turns).

themarg the Insei (Gnoll Wanderer)                   Turns: 790, Time: 00:02:16

Health: 0/23       AC:  2    Str:  8    XL:     2   Next: 12%
Magic:  2/2        EV: 12    Int:  9    God:
Gold:   45         SH:  5    Dex: 16    Spells: 1/1 levels left

rFire   . . .      SeeInvis .   b - +0 dagger
rCold   . . .      Faith    .   d - +0 buckler
rNeg    . . .      Spirit   .   e - +0 robe
rPois   .          Reflect  .   (no helmet)
rElec   .          Harm     .   (no cloak)
rCorr   .          Rampage  .   (no gloves)
Will    .....                   (no boots)
Stlth   ++........              (no amulet)
HPRegen 0.07/turn               (no ring)
MPRegen 0.08/turn               (no ring)

@: no status effects
A: fangs 1, strong nose, distributed training
a: no special abilities


You were on level 1 of the Dungeon.
You visited 1 branch of the dungeon, and saw 1 of its levels.

You collected 45 gold pieces.

Inventory:

Hand Weapons
 a - a +2 hunting sling
 b - a +0 dagger (weapon)
Missiles
 g - 12 sling bullets
Armour
 d - a +0 buckler (worn)
 e - a +0 robe (worn)
 f - an orb of energy
Scrolls
 h - a scroll of enchant weapon {unknown}
 j - a scroll of identify {unknown}
Potions
 c - a potion of attraction
 i - a potion of might {unknown}


   Skills:
 + Level 2.4 Fighting
 + Level 0.3 Short Blades
 + Level 0.3 Long Blades
 + Level 0.3 Axes
 + Level 0.3 Maces & Flails
 + Level 0.3 Polearms
 + Level 0.3 Staves
 + Level 6.4 Slings
 + Level 0.3 Bows
 + Level 0.3 Crossbows
 + Level 0.3 Throwing
 + Level 2.4 Armour
 + Level 2.4 Dodging
 + Level 0.3 Stealth
 + Level 2.4 Shields
 + Level 6.4 Unarmed Combat
 + Level 0.3 Spellcasting
 + Level 0.2 Conjurations
 + Level 0.2 Hexes
 + Level 0.2 Summonings
 + Level 0.2 Necromancy
 + Level 0.2 Translocations
 + Level 0.2 Transmutations
 + Level 0.2 Fire Magic
 + Level 0.2 Ice Magic
 + Level 0.2 Air Magic
 + Level 0.2 Earth Magic
 + Level 0.2 Poison Magic
 + Level 0.4 Invocations
 + Level 0.3 Evocations


You had one spell level left.
You didn't know any spells.
Your spell library was empty.

Dungeon Overview and Level Annotations

Branches:
Dungeon (1/15)

Altars:


Innate Abilities, Weirdness & Mutations

You have very sharp teeth.
Your uncanny sense of smell can sniff out nearby items.
Your experience applies equally to all skills.


Message History

The jackal closely misses you. The jackal bites you.
You hit the jackal but do no damage.
The jackal bites you but does no damage.
The jackal misses you. The jackal barely misses you.
You hit the jackal but do no damage. You bite the jackal, but do no damage.
The jackal bites you.
The jackal bites you but does no damage.
The kobold throws a stone.
The stone hits you.
The jackal bites you but does no damage.
You barely miss the jackal. Your bite misses the jackal.
The jackal bites you. x2
The jackal bites you but does no damage.
The jackal bites you.
You closely miss the jackal. The jackal barely misses you.
You block the jackal's attack. The jackal closely misses you.
The jackal bites you. x2; You block the jackal's attack.
You block the jackal's attack. The jackal closely misses you.
You hit the jackal. Your bite misses the jackal.
The jackal is lightly wounded.
The jackal closely misses you.
You hit the jackal.
The jackal is severely wounded.
The jackal bites you. The kobold hits you but does no damage.
You hit the jackal but do no damage. The jackal bites you.
* * * LOW HITPOINT WARNING * * *
The kobold closely misses you.
The jackal bites you but does no damage.
You hit the jackal.
The jackal is almost dead.
You block the jackal's attack. The jackal bites you.
* * * LOW HITPOINT WARNING * * *
The kobold closely misses you.
The jackal bites you but does no damage.
You hit the jackal but do no damage.
The jackal is almost dead.
The jackal closely misses you.
The jackal bites you but does no damage.
The kobold hits you with a +0 club.
* * * LOW HITPOINT WARNING * * *
The jackal bites you.
You die...

#....#...#..#
#....##.##..# .
#.....###...# #.#####
#...........# #......
#...........###
....#.####..........†...
#...................##
...#...Kh...............#
......hh@............#...
...#..h####...#########..
.....(. #...# #.. ...##..
#...# #.. .. ... #...#
#.. . ##.# #...# #.. ..
#...# #.. ######## #...#
#.. #......######.## ##.


You could see 4 jackals and a kobold.

Vanquished Creatures
  A ball python (D:1)
  A bat (D:1)
  A giant cockroach (D:1)
  A goblin (D:1)
  2 hobgoblins (D:1)
  A frilled lizard (D:1)
7 creatures vanquished.

Notes
Turn   | Place    | Note
-------+----------+-------------------------------------------
     0 | D:1      | themarg the Gnoll Wanderer began the quest for the Orb.
     0 | D:1      | themarg set off with the following items: a +2 hunting
                  | sling, 17 sling bullets, a potion of attraction, a +0
                  | buckler, a +0 robe
     0 | D:1      | Reached XP level 1. HP: 17/17 MP: 1/1
   449 | D:1      | Reached XP level 2. HP: 23/23 MP: 2/2
   790 | D:1      | Slain by a jackal

Illustrated notes

Levels and vault maps discovered:
D:1:      dpeg_arrival_shelter, layout_loops_cross, serial_bayou_pond_d

Action                   || total
-------------------------++-------
Melee: Dagger            ||    31
       Bite              ||     2
 Fire: Hunting sling     ||    20
Armor: Robe              ||    13
Dodge: Dodged            ||    22
Block: Buckler           ||    10
